 Dungeon Sprint DCSS version 0.31-a0-841-g038b102fc3 (webtiles) character file.

Game seed: 6458653368470184911

416 sircluck the Grappler (level 6, -1/71 HPs)
             Began as a Troll Berserker on Sept 27, 2023.
             Was a Believer of Trog.
             Slain by a sea snake (14 damage)
             ... in the Dungeon (Sprint VII: "The Pits").
             The game lasted 00:00:27 (128 turns).

sircluck the Grappler (Troll Berserker)              Turns: 128, Time: 00:00:28

Health: -1/71      AC:  0    Str: 28      XL:     6   Next: 60%
Magic:  5/5        EV: 11    Int:  1 (3)  God:    Trog [**....]
Gold:   0          SH:  0    Dex:  9      Spells: 5/5 levels left

rFire   . .          .
                       - Unarmed
rCold   . . .        (no shield)
rNeg    . . .        a - +0 animal skin
rPois   .            (helmet restricted)
rElec   .            (no cloak)
rCorr   .            (gloves unavailable)
SInv    .            (boots unavailable)
Will    .....        (no amulet)
Stlth   +            (no ring)
HPRegen 1.11/turn    (no ring)
MPRegen 0.09/turn

%: no teleportation
@: lethally poisoned (-1 -> -2), corroded, on berserk cooldown, slowed, very
slow
A: large, unfitting armour, claws 3, regeneration 1, shaggy fur 1, tough skin 1
a: Renounce Religion, Berserk, Trog's Hand


You were in the Dungeon.
You worshipped Trog.
Trog was pleased with you.
You visited 1 branch

Inventory:

Armour
 a - a +0 animal skin (worn)
Scrolls
 g - a scroll of blinking
Potions
 b - a potion of curing
 c - a potion of heal wounds
 d - a potion of haste
 e - 2 potions of magic
 f - a potion of berserk rage


   Skills:
 + Level 7.4 Fighting
 + Level 7.3 Dodging
 + Level 8.8 Unarmed Combat


You had 5 spell levels left.
You didn't know any spells.
Your spell library was empty.

Dungeon Overview and Level Annotations

Branches:
Dungeon (1/1)

Altars:


Innate Abilities, Weirdness & Mutations

You are too large for most types of armour.
You have claws for hands.
Your natural rate of healing is unusually fast.
You are covered in fur. (AC +1)
You have tough skin. (AC +1)


Message History

Unknown command.
Unknown command.
Unknown command.
You completely miss the sea snake.
You feel sick. The sea snake bites you!
The crimson imp blinks!
You mangle the sea snake!! Your claw misses the sea snake.
The sea snake is moderately wounded.
You feel sick.
The kobold demonologist mumbles some strange words.
The kobold hits you with a +0 short sword.
The sea snake bites you!
You closely miss the sea snake.
The sea snake is moderately wounded.
You feel sick. The neqoxec gestures at you.
You feel dopey. Something feeds on your intellect! The sea snake bites you!
You miss the sea snake. Your claw misses the sea snake.
The sea snake is moderately wounded.
You feel sick.
The kobold demonologist gestures wildly while chanting.
The sea snake bites you!
The kobold demonologist casts a spell.
The jelly hits you.
You are splashed with acid!
* * * LOW HITPOINT WARNING * * *
The kobold hits you but does no damage.
You miss the sea snake.
The sea snake is moderately wounded.
The sea snake closely misses you. The kobold barely misses you.
The jelly hits you.
* * * LOW HITPOINT WARNING * * *
The acid corrodes you!
You are splashed with acid!
* * * LOW HITPOINT WARNING * * *
You scratch the sea snake but do no damage.
The sea snake is moderately wounded.
You are no longer berserk.
You are exhausted.
You feel as though you will be slow longer.
You feel sick.
The crimson imp blinks!
The sea snake bites you!
You die...

#................##..#
#......#..#......##..#
#................''..#
+................''..#######
#......#..#......##.........
#................##.........
####'#####''################
#.......##''# #.......##K@#
#.......##SJ# #...<...##KK#
#.......##K3# #.......##53#
#.......##ยง5K ##########5KK
#...


You could see a sea snake, 3 kobold demonologists, a sixfirhy (summoned), a
neqoxec (summoned), a kobold brigand, a jelly, a crimson imp (summoned), a
shadow imp (summoned), an ufetubus (summoned) and 3 kobolds.

Vanquished Creatures
  A troll (D)
  A neqoxec (D)
  A kobold brigand (D)
3 creatures vanquished.

Notes
Turn   | Place    | Note
-------+----------+-------------------------------------------
     0 | D        | sircluck the Troll Berserker began the quest for the Orb.
     0 | D        | Reached XP level 1. HP: 22/22 MP: 0/0
    26 | D        | Noticed a troll
    26 | D        | Noticed a neqoxec
    40 | D        | Killed a troll
    41 | D        | Reached skill level 7 in Unarmed Combat
    41 | D        | Reached XP level 2. HP: 36/36 MP: 1/1
    41 | D        | Reached XP level 3. HP: 44/44 MP: 2/2
    41 | D        | Reached XP level 4. HP: 52/52 MP: 3/3
    41 | D        | Reached XP level 5. HP: 59/59 MP: 4/4
    45 | D        | Killed a neqoxec
    46 | D        | Reached skill level 8 in Unarmed Combat
    46 | D        | Reached XP level 6. HP: 71/71 MP: 5/5
   115 | D        | Noticed a sea snake
   116 | D        | Noticed a kobold demonologist
   116 | D        | Noticed a kobold demonologist
   119 | D        | Noticed a kobold demonologist
   122 | D        | Noticed a neqoxec
   122 | D        | Reached ** piety under Trog
   125 | D        | Noticed a sixfirhy
   128 | D        | Slain by a sea snake

Illustrated notes

Levels and vault maps discovered:
D:        pitsprint [storerooms_1, entrance_room_1, metal_vault_3, armoury_2,
          mini_pit_1, grid_room_1, main_hall_1, silver_pit, the_coven_2,
          the_vestibule_1, steel_vault_3, golden_pit, hallway_of_sentries,
          crystal_vault_2, iron_vault_5, final_vault]

Skill      XL: |  1  2  3  4  5 |
---------------+----------------+-----
Fighting       | 6 7 |  7.4
Dodging        | 6 7 |  7.3
Unarmed Combat | 7 8 |  8.8

Action                     |  1- 3 |  4- 6 || total
---------------------------+-------+-------++-------
  Melee: Unarmed           |     3 |    13 ||    16
 Invoke: Berserk           |     1 |     1 ||     2
 Armour: Animal skin       |     2 |    14 ||    16
  Dodge: Dodged            |     1 |     4 ||     5

Table legend: (Time is in decaauts)
 A = Elapsed time spent in this place.
 B = Non-inter-level travel time spent in this place.
 C = Inter-level travel time spent in this place.
 D = Time resting spent in this place.
 E = Time spent auto-exploring this place.
 F = Levels seen in this place.
 G = Mean time per level.
                   A        B        C        D        E       F      G
               +--------+--------+--------+--------+--------+-----+--------+
         Total |    134 |    134 |      0 |     46 |      0 |   1 |  134.0 |
       Dungeon |    134 |    134 |      0 |     46 |      0 |   1 |  134.0 |
               +--------+--------+--------+--------+--------+-----+--------+

Top non-repeatable levels by time:
       D: 134 daAuts
